 Dungeon Crawl Stone Soup version 0.23.2 (webtiles) character file.

Game seed: 10223385376642772401

21 Kinoniko the Poker (level 2, -1/24 HPs)
             Began as a Ghoul Gladiator on Apr 4, 2019.
             Slain by an adder (3 damage)
             ... on level 2 of the Dungeon.
             The game lasted 00:06:34 (1074 turns).

Kinoniko the Poker (Ghoul Gladiator)                Turns: 1074, Time: 00:06:34

Health: -1/24      AC:  4    Str: 17    XL:     2   Next: 83%
Magic:  1/1        EV: 18    Int:  3    God:
Gold:   28         SH:  0    Dex: 15    Spells: 1/1 levels left

rFire    . . .     SeeInvis +   a - +0 trident
rCold    + . .     Gourm    .   (no shield)
rNeg     + + +     Faith    .   b - +0 leather armour
rPois    ∞         Spirit   .   c - +0 helmet
rElec    .         Reflect  .   (no cloak)
rCorr    .         Harm     .   (no gloves)
MR       .....                  (no boots)
Stlth    ++........             (no amulet)
HPRegen  0.00/turn              (no ring)
MPRegen  0.07/turn              k - ring of see invisible

@: agile, rotting
A: rotting body, claws 1, carnivore, cold resistance 1, negative energy
resistance 3, inhibited regeneration, torment resistance, unbreathing
a: no special abilities


You were on level 2 of the Dungeon.
You were not hungry.

You visited 1 branch of the dungeon, and saw 2 of its levels.

You collected 28 gold pieces.

Inventory:

Hand Weapons
 a - a +0 trident (weapon)
Missiles
 d - 3 throwing nets (quivered)
Armour
 b - a +0 leather armour (worn)
 c - a +0 helmet (worn)
Jewellery
 k - a ring of see invisible (right claw)
 l - an uncursed ring of teleportation
Scrolls
 e - a scroll of fog
Potions
 j - a potion of agility
Comestibles
 f - 3 rations
 g - 4 chunks of flesh


   Skills:
 + Level 2.3 Fighting
 + Level 3.2 Polearms
 + Level 1.8 Throwing
 + Level 0.4 Armour
 + Level 3.0 Dodging


You had one spell level left.
You didn't know any spells.
Your spell library was empty.

Dungeon Overview and Level Annotations

Branches:
Dungeon (2/15)

Altars:
Okawaru


Innate Abilities, Weirdness & Mutations

Your body is rotting away.
You thrive on raw meat.
You are immune to poison.
You have sharp fingernails.
You are carnivorous and can eat meat at any time.
Your flesh is cold resistant. (rC+)
You are immune to negative energy. (rN+++)
You do not regenerate when monsters are visible.
You are immune to unholy pain and torment.
You can survive without breathing.


Message History

* * * LOW HITPOINT WARNING * * *
The bat barely misses you. The adder misses you. The bat misses you.
The adder barely misses you.
Found a scroll labeled QAYMPU DUGASCH.
The bat closely misses you.
It was a potion of agility.
You feel agile all of a sudden. The adder misses you.
You are too injured to fight recklessly!
You miss the adder. The bat misses you. The adder misses you. x2
You miss the adder. The bat barely misses you. The adder closely misses you.
You completely miss the adder. The bat misses you.
The adder closely misses you. The adder bites you.
* * * LOW HITPOINT WARNING * * *
You closely miss the adder. The bat closely misses you. The adder bites you.
* * * LOW HITPOINT WARNING * * *
You miss the adder. The bat misses you. The adder misses you.
The adder barely misses you.
You miss the adder. The adder bites you.
You die...

...# ...# ### ...
.. ..# ###. ..#
...#..?###..#####
...).............
###.##bS...#####
#.##@#...#
#.##.#.#.#
####.##.#.#..#
#####
#.......#!....#
.....§###.##.####..
..# #..§§§§§...#
#.#_#..
.....§§§§§#### .?#
.##.#####§# ...
###÷###


You could see an adder and a bat.

Vanquished Creatures
  An ooze (D:1)
  A giant cockroach (D:1)
  3 goblins
  2 hobgoblins (D:1)
  A kobold (D:2)
  2 ball pythons
  2 bats (D:1)
  2 frilled lizards (D:1)
  2 rats
16 creatures vanquished.

Notes
Turn   | Place    | Note
-------+----------+-------------------------------------------
     0 | D:1      | Kinoniko the Ghoul Gladiator began the quest for the Orb.
     0 | D:1      | Reached XP level 1. HP: 17/17 MP: 0/0
   484 | D:1      | Reached XP level 2. HP: 22/24 MP: 1/1
  1062 | D:2      | Found an iron altar of Okawaru.
  1074 | D:2      | Slain by an adder

Skill      XL: |  1  2 |
---------------+-------+-----
Polearms       | 3 |  3.2
Dodging        | 3 |  3.0
Fighting       | |  2.3
Throwing       | |  1.8
Armour         | |  0.4

Action                   || total
-------------------------++-------
Melee: Trident           ||    62
  Use: Scroll            ||     4
       Potion            ||     1
  Eat: Chunk             ||     7
Armor: Leather armour    ||    14
Dodge: Dodged            ||    53
